 Dungeon Crawl Stone Soup version 0.22-a0-553-g9358b0b (webtiles) character file.

2597 Amnesiac the Slicer (level 9, -1/44 HPs)
             Began as a Vine Stalker Fighter on June 25, 2018.
             Was a Follower of Ru.
             Slain by a killer bee (2 damage)
             ... on level 8 of the Dungeon.
             The game lasted 00:07:16 (6716 turns).

Amnesiac the Slicer (Vine Stalker Fighter)          Turns: 6716, Time: 00:07:16

Health: -1/44      AC:  8    Str: 27    XL:     9   Next: 59%
Magic:  0/11       EV: 15    Int:  8    God:    Ru [*.....]
Gold:   395        SH: 10    Dex: 18    Spells: 8/8 levels left

rFire    . . .     SeeInvis .   a - +2 dagger (venom)
rCold    . . .     Gourm    .   c - +0 shield
rNeg     . . .     Faith    .   p - +0 scale mail
rPois    .         Spirit   +   (no helmet)
rElec    .         Reflect  .   j - +0 cloak
rCorr    .         Harm     .   (no gloves)
MR       ++...                  (no boots)
Stlth    ++........             (no amulet)
HPRegen  0.54/turn              v - +4 ring of strength
MPRegen  0.12/turn              y - ring of protection from magic

@: agile, lethally poisoned (-1 -> -13)
A: fangs 3, regeneration 1, magic shield, antimagic bite, no potion heal 3, rot
immunity, unskilled 1
a: Renounce Religion


You were on level 8 of the Dungeon.
You worshipped Ru.
Ru was aware of your devotion.
You were not hungry.

You visited 2 branches of the dungeon, and saw 9 of its levels.

You collected 395 gold pieces.

Inventory:

Hand Weapons
 a - a +2 dagger of venom (weapon)
 b - a +1 dagger of distortion
Armour
 c - a +0 shield (worn)
 j - a +0 cloak (worn)
 p - a +0 scale mail (worn)
 u - a +0 hat
Jewellery
 v - a +4 ring of strength (left hand)
 y - a ring of protection from magic (right hand)
Wands
 o - a wand of random effects (19)
 D - a wand of disintegration (6)
 E - a wand of iceblast (8)
 G - a wand of enslavement (9)
 H - a wand of scattershot (4)
Scrolls
 g - 5 scrolls of remove curse {!r, unknown}
 i - 2 scrolls of amnesia {!r, unknown}
 k - 2 scrolls of fog {!r, unknown}
 m - 9 scrolls of identify {!r, unknown}
 n - 2 scrolls of enchant weapon {!r, unknown}
 w - a scroll of magic mapping {!r, unknown}
 A - a scroll of blinking {!r, unknown}
 B - 3 scrolls of teleportation {!r, unknown}
 C - a scroll of enchant armour {!r, unknown}
 F - a scroll of acquirement {!r, unknown}
Potions
 d - 3 potions of might {!q}
 e - 4 potions of curing {!q}
 h - a potion of flight {!q, unknown}
 l - a potion of invisibility {!q, unknown}
 q - 2 potions of agility {!q}
 r - a potion of heal wounds {!q, unknown}
 s - a potion of magic {!q, unknown}
 t - a potion of brilliance {!q, unknown}
 x - a potion of mutation {!q, unknown}
Comestibles
 f - 14 rations
 z - 10 chunks of flesh


   Skills:
 + Level 3.6 Fighting
 + Level 8.0 Short Blades
 + Level 3.2 Armour
 + Level 3.3 Dodging
 + Level 3.5 Stealth
 + Level 3.6 Shields
 + Level 2.2 Evocations


You had 8 spell levels left.
You didn't know any spells.
Your spell library was empty.

Dungeon Overview and Level Annotations

Branches:
Dungeon (8/15)             Temple (1/1) D:5            Lair (0/6) D:8

Altars:
Ashenzari
Cheibriados
Dithmenos
Elyvilon
Fedhas
Hepliaklqana
Kikubaaqudgha
Makhleb
Nemelex Xobeh
Okawaru
Qazlal
Ru
Sif Muna
Trog
Wu Jian
Xom
Zin

Shops:
D:4 (


Innate Abilities, Weirdness & Mutations

You have razor-sharp teeth.
Your natural rate of healing is unusually fast.
When hurt, damage is shared between your health and your magic reserves.
Your bite disrupts and absorbs the magic of your enemies.
Potions cannot restore your health.
You are immune to rotting.
You are somewhat unskilled. (-1 Apt)


Message History

You block the killer bee's attack.
There are monsters nearby!
You miss the killer bee. You bite the killer bee. You drain its power.
You feel invigorated.
The killer bee is moderately wounded.
You feel sick. The killer bee completely misses you.
You block the killer bee's attack.
The killer bee is stunned by your will and fails to attack.
The killer bee stings you.
There are monsters nearby!
You miss the killer bee.
The killer bee is heavily wounded.
The killer bee stings you.
The killer bee stings you but does no damage.
You block the killer bee's attack.
You feel sick. The killer bee stings you!
You are more poisoned.
The killer bee poisons you! The killer bee closely misses you.
The killer bee stings you but does no damage.
You feel sick. You block the killer bee's attack. x2
There is an open door here.
There are monsters nearby!
You closely miss the killer bee.
You feel sick. The killer bee closely misses you.
You block the killer bee's attack.
There are monsters nearby!
You closely miss the killer bee.
You feel sick.
You kill the killer bee!
The killer bee barely misses you.
You feel sick.
You feel sick.
The killer bee stings you but does no damage.
There are monsters nearby!
You hit the killer bee.
The killer bee is poisoned.
The killer bee is lightly wounded.
You feel sick. The killer bee stings you.
* * * LOW HITPOINT WARNING * * *
There are monsters nearby!
You hit the killer bee.
The killer bee is moderately wounded.
The killer bee stings you.
* * * LOW HITPOINT WARNING * * *
The killer bee stings you!
* * * LOW HITPOINT WARNING * * *
You are more poisoned.
The killer bee poisons you! You block the killer bee's attack.
There are monsters nearby!
You closely miss the killer bee.
The killer bee is heavily wounded.
You feel sick.
The killer bee stings you but does no damage.
The killer bee stings you.
* * * LOW HITPOINT WARNING * * *
You are lethally poisoned!
The killer bee poisons you! You block the killer bee's attack.
The killer bee stings you!
* * * LOW HITPOINT WARNING * * *
Okay, then.
Really quaff
q - 3 potions of agility {!q}?
You feel agile all of a sudden.
* * * LOW HITPOINT WARNING * * *
You feel sick. You block the killer bee's attack. The killer bee stings you.
* * * LOW HITPOINT WARNING * * *
The killer bee stings you.
You die...

#....# .#. #..#....#
... #..#....# ###
#..#....# .≈.
#..#.[..# ...
#..#....# #.PP
#..#....# ..P...
#.†#....###+###≈.P.>P
#.y#@y........#..P.PP
#..#yy........#.##.PP
#y.'y.........#..#...
#..#...........#...≈.
#..#..............###
######+#####+#.......
........#...+.
........'...#. #####
#..###########


You could see 4 killer bees.

Vanquished Creatures
  Prince Ribbit (D:5)
  A sky beast (D:6)
  An ice beast (D:7)
  2 orc warriors
  A hornet zombie (D:6)
  An ogre (D:7)
  A centaur (D:4)
  Blork the orc (D:5)
  2 bullfrogs
  2 scorpions (D:4)
  A killer bee (D:8)
  4 wights (D:7)
  3 crimson imps
  2 hounds
  3 jellies
  A gnoll shaman (D:7)
  5 orc priests
  4 orc wizards
  A bullfrog skeleton (D:6)
  2 iguanas
  6 worker ants
  2 hound skeletons
  11 adders
  3 gnolls (D:8)
  A howler monkey skeleton (D:5)
  10 oozes
  A worm (D:2)
  A dart slug (D:1)
  5 leopard geckos
  33 orcs
  5 bats
  15 giant cockroaches
  8 goblins
  11 hobgoblins
  10 jackals
  5 quokkas
  3 frilled lizards
  13 kobolds
  A leopard gecko skeleton (D:6)
  A quokka skeleton (D:6)
  2 rats
186 creatures vanquished.

Vanquished Creatures (others)
  A hippogriff (D:7)
  A jackal (D:7)
  4 fungi (D:4)
  8 toadstools (D:4)
14 creatures vanquished.

Grand Total: 200 creatures vanquished

Notes
Turn   | Place    | Note
-------+----------+-------------------------------------------
     0 | D:1      | Amnesiac the Vine Stalker Fighter began the quest for the Orb.
     0 | D:1      | Reached XP level 1. HP: 11/11 MP: 2/2
    87 | D:1      | Reached skill level 2 in Short Blades
   157 | D:2      | Noticed a bullfrog
   222 | D:2      | Reached XP level 2. HP: 16/16 MP: 3/3
   316 | D:2      | Found an ornate altar of the Wu Jian Council.
   316 | D:2      | Found a white marble altar of Elyvilon.
   333 | D:2      | Reached skill level 1 in Dodging
   333 | D:2      | Reached XP level 3. HP: 4/19 MP: 2/4
   578 | D:2      | Reached skill level 3 in Short Blades
   598 | D:2      | Gained mutation: Your natural rate of healing is unusually fast. [Vine Stalker growth]
   598 | D:2      | Reached XP level 4. HP: 23/23 MP: 5/5
   629 | D:2      | Killed a bullfrog
   629 | D:2      | Reached XP level 5. HP: 16/27 MP: 4/6
   673 | D:3      | Reached skill level 4 in Short Blades
   848 | D:4      | Reached XP level 6. HP: 32/32 MP: 7/7
   852 | D:4      | Found a shattered altar of Ashenzari.
  1003 | D:4      | Reached skill level 5 in Short Blades
  1071 | D:4      | Found Sutobbutt's Antique Weapon Shoppe.
  1176 | D:4      | Reached XP level 7. HP: 31/35 MP: 8/8
  1276 | D:4      | Reached skill level 6 in Short Blades
  1628 | D:4      | Found a burning altar of Makhleb.
  1628 | D:4      | Noticed an Executioner
  1766 | D:5      | Entered Level 5 of the Dungeon
  1815 | D:5      | Noticed Blork the orc
  1830 | D:5      | Killed Blork the orc
  1830 | D:5      | Reached skill level 7 in Short Blades
  1944 | D:5      | Found a staircase to the Ecumenical Temple.
  1964 | Temple   | Entered the Ecumenical Temple
  2088 | D:5      | Gained mutation: You have razor-sharp teeth. [Vine Stalker growth]
  2088 | D:5      | Reached XP level 8. HP: 36/39 MP: 9/9
  2273 | D:5      | Noticed Prince Ribbit
  2283 | D:5      | Killed Prince Ribbit
  2283 | D:5      | Reached skill level 8 in Short Blades
  3128 | D:3      | Found a stormy altar of Qazlal.
  3747 | D:3      | Found a sacrificial altar of Ru.
  4157 | D:3      | Became a worshipper of Ru the Awakened
  4452 | D:1      | You fall through a shaft!
  4895 | D:6      | Reached skill level 1 in Stealth
  5044 | D:6      | Reached skill level 1 in Evocations
  5248 | D:6      | Gained mutation: You are somewhat unskilled. (-1 Apt) [Ru sacrifice]
  5248 | D:6      | Reduced skill Short Blades to level 7
  5248 | D:6      | Reduced skill Stealth to level 1
  5248 | D:6      | Reached * piety under Ru
  5695 | D:7      | Noticed a hippogriff
  5701 | D:7      | Killed a hippogriff
  5701 | D:7      | Reached XP level 9. HP: 25/44 MP: 9/11
  6141 | D:7      | Reached skill level 8 in Short Blades
  6673 | D:8      | Found a staircase to the Lair.
  6716 | D:8      | HP: 2/44 [poisoned by a killer bee]
  6716 | D:8      | Slain by a killer bee

Vault maps used:
D:1:      evilmike_arrival_plus, minivault_14, minivault_25, minmay_distorted
D:2:      chequers_temple_overflow_statue_of_worship
D:3:      minmay_roachtagon, nicolae_ru_awakened_eye, serial_co_window_serial,
          co_window_corner_a, co_window_of_opportunity_a, co_window_paths_b,
          co_window_paths_b, co_window_paths_b, co_window_of_opportunity_a,
          co_window_of_opportunity_a, co_window_corner_b,
          co_window_of_opportunity_b, co_window_corner_cb, co_window_sun,
          co_window_4corner_b, glass_columns_a, first_ration, dk_vineyard_2,
          grunt_qazlal_sundering
D:4:      cheibrodos_fertilizer, makhleb_altar_promises_db, serial_shops, shop,
          nicolae_ashenzari_panopticon
D:5:      minmay_temple_entry_purple_smoke, serial_glass, glass_columns_a,
          glass_columns_a, glass_columns_a, glass_columns_c, glass_columns_b,
          glass_columns_a, glass_columns_a, glass_columns_a, glass_columns_b,
          glass_columns_a, glass_columns_b, glass_columns_b, glass_columns_a,
          glass_columns_a, uniq_prince_ribbit1, uniq_blork_the_orc
D:6:      kennysheep_crisscross
D:7:      corexii_shack_village
D:8:      dpeg_oklobed_lair
Temple:   dshaligram_water_room_temple

Skill      XL: |  1  2  3  4  5  6  7  8  9 |
---------------+----------------------------+-----
Short Blades   | 2 3 4 5 7 7 8 |  8.0
Dodging        | 1 2 3 |  3.3
Fighting       | 3 |  3.6
Stealth        | 2 3 |  3.5
Shields        | 3 |  3.6
Evocations     | 1 2 |  2.2
Armour         | 3 |  3.2

Action                   |  1- 3 |  4- 6 |  7- 9 || total
-------------------------+-------+-------+-------++-------
Melee: Rapier            |    67 |    22 |       ||    89
       Bite              |    14 |    28 |   193 ||   235
       Dagger            |       |    65 |   494 ||   559
Invok: Sacrifice Skill   |       |       |     1 ||     1
  Use: Potion            |       |       |     2 ||     2
 Stab: Distracted        |       |       |     1 ||     1
  Eat: Chunk             |       |     1 |    18 ||    19
Armor: Scale mail        |    41 |    12 |   105 ||   158
Dodge: Dodged            |    15 |    16 |   122 ||   153
Block: Shield            |    29 |    26 |   173 ||   228

Table legend:
 A = Spawn XP
 B = Non-spawn XP
 C = Spawn XP percentage of total XP
 D = Spawn monster count
 E = Non-spawn monster count
 F = Spawn count percentage of total count
 G = Total turns spent on level
                    A         B        C        D         E        F      G
               +---------+---------+-------+---------+---------+-------+---------
         Total |       0 |    3710 |   0.0 |       0 |     187 |   0.0 |  6716
               +---------+---------+-------+---------+---------+-------+---------
           D:1 |       0 |      24 |   0.0 |       0 |      11 |   0.0 |   679
           D:2 |       0 |     209 |   0.0 |       0 |      26 |   0.0 |  1134
           D:3 |       0 |     153 |   0.0 |       0 |      26 |   0.0 |  1379
           D:4 |       0 |     668 |   0.0 |       0 |      37 |   0.0 |   979
           D:5 |       0 |     537 |   0.0 |       0 |      12 |   0.0 |   562
           D:6 |       0 |     644 |   0.0 |       0 |      21 |   0.0 |   856
           D:7 |       0 |    1199 |   0.0 |       0 |      39 |   0.0 |   785
           D:8 |       0 |     227 |   0.0 |       0 |      13 |   0.0 |   236
        Temple |       0 |      49 |   0.0 |       0 |       2 |   0.0 |   106
               +---------+---------+-------+---------+---------+-------+---------
